 Dungeon Crawl Stone Soup version 0.30-a0-808-g6e0788376e (webtiles) character file.

Game seed: 7620158449902260508

137 Nacht the Digger (level 5, -6/28 HPs)
             Began as a Deep Elf Earth Elementalist on Feb 27, 2023.
             Killed from afar by Natasha (10 damage)
             ... with a magic dart
             ... on level 2 of the Dungeon.
             The game lasted 00:02:20 (1582 turns).

Nacht the Digger (Deep Elf Earth Elementalist)      Turns: 1582, Time: 00:02:20

Health: -6/28      AC:  3    Str:  5    XL:     5   Next: 0%
Magic:  1/11       EV: 12    Int: 22    God:
Gold:   150        SH:  0    Dex: 15    Spells: 9/10 levels left

rFire   . . .      SeeInvis .    c - +2 dagger (protect)
rCold   . . .      Faith    .    (no shield)
rNeg    . . .      Spirit   .    a - +0 robe
rPois   .          Reflect  .    (no helmet)
rElec   .          Harm     .    (no cloak)
rCorr   .          Rampage  .    (no gloves)
Will    .....                    f - +0 pair of boots
Stlth   ++                       (no amulet)
HPRegen 0.24/turn                (no ring)
MPRegen 0.12/turn                (no ring)

@: no status effects
A: no striking features
a: no special abilities


You were on level 2 of the Dungeon.
You visited 1 branch of the dungeon, and saw 2 of its levels.

You collected 150 gold pieces.

Inventory:

Hand Weapons
 c - a +2 dagger of protection (weapon)
Armour
 a - a +0 robe (worn)
 f - a +0 pair of boots (worn)
Scrolls
 d - a scroll of teleportation {unknown}
 e - a scroll of enchant armour {unknown}
 g - 7 scrolls of identify {unknown}
 i - a scroll of magic mapping {unknown}
 j - a scroll of silence {unknown}
 l - a scroll of noise {unknown}
Potions
 b - a potion of magic
 h - 2 potions of curing {unknown}
 k - a potion of invisibility {unknown}
 m - a potion of degeneration {unknown}


   Skills:
 - Level 2.4 Dodging
 - Level 2.4 Stealth
 - Level 3.0 Spellcasting
 - Level 1.1 Transmutations
 + Level 6.3 Earth Magic


You had 9 spell levels left.
You knew the following spells:

 Your Spells              Type           Power      Damage    Failure   Level
a - Sandblast             Erth           62%        2d14      1%          1

Your spell library contained the following spells:

 Spells                   Type           Power      Damage    Failure   Level
 Passwall                 Tmut/Erth      15%        N/A       4%          2
 Stone Arrow              Conj/Erth      34%        3d9       11%         3
 Foxfire                  Conj/Fire      12%        2x1d4     12%         1
 Petrify                  Tmut/Erth      19%        N/A       26%         4
 Fireball                 Conj/Fire      1%         3d3       98%         5
 Starburst                Conj/Fire      1%         6d3       100%        6


Dungeon Overview and Level Annotations

Branches:
Dungeon (2/15)

Altars:

Shops:
D:1 !

Annotations:
D:2 Natasha


Message History

Casting: Sandblast (safe; 1% risk of failure)
Confirm with . or Enter, or press ? or * to list all spells.
Aiming: Sandblast (safe; 1% risk of failure)
Press: ? - help, Shift-Dir - straight line, f/p - Natasha
Aim: Natasha, carrying a wand of flame (14) (80% to hit)
The blast of sand hits Natasha.
Natasha is lightly wounded.
Natasha claws you. Natasha barely misses you.
Casting: Sandblast (safe; 1% risk of failure)
Confirm with . or Enter, or press ? or * to list all spells.
Aiming: Sandblast (safe; 1% risk of failure)
Press: ? - help, Shift-Dir - straight line, f/p - Natasha
Aim: Natasha, carrying a wand of flame (14) (lightly wounded, 80% to hit)
The blast of sand misses Natasha.
Natasha closely misses you.
Casting: Sandblast (safe; 1% risk of failure)
Confirm with . or Enter, or press ? or * to list all spells.
Aiming: Sandblast (safe; 1% risk of failure)
Press: ? - help, Shift-Dir - straight line, f/p - Natasha
Aim: Natasha, carrying a wand of flame (14) (lightly wounded, 80% to hit)
The blast of sand hits Natasha.
Natasha is moderately wounded.
Natasha zaps a wand.
The puff of flame hits you.
* * * LOW HITPOINT WARNING * * *
Natasha claws you.
* * * LOW HITPOINT WARNING * * *
Casting: Sandblast (safe; 1% risk of failure)
Confirm with . or Enter, or press ? or * to list all spells.
Aiming: Sandblast (safe; 1% risk of failure)
Press: ? - help, Shift-Dir - straight line, f/p - Natasha
Aim: Natasha, carrying a wand of flame (13) (moderately wounded, 80% to hit)
The blast of sand misses Natasha.
Natasha misses you.
Casting: Sandblast (safe; 1% risk of failure)
Confirm with . or Enter, or press ? or * to list all spells.
Aiming: Sandblast (safe; 1% risk of failure)
Press: ? - help, Shift-Dir - straight line, f/p - Natasha
Aim: Natasha, carrying a wand of flame (13) (moderately wounded, 80% to hit)
The blast of sand misses Natasha.
Natasha stares at you and mumbles some strange words.
The magic dart hits you!
You die...

#.....[...
###.........
#......<...#
#......†...#
##.†)........
#.......h....
#.'########'......
#h#........# .....
#@#.'####+. .....
#.#.#....# .....
#.#.#.##.# .....
#.#.#.##.# #..
#.#.#....# #..
#.#.'####+.#...#..
#.#........#...#..
#.'########+...#..
#..............#..


You could see Natasha.

Vanquished Creatures
  Natasha (twice) (D:2)
  3 adders (D:2)
  2 worms (D:2)
  13 ball pythons
  4 endoplasms (D:1)
  A giant cockroach (D:2)
  8 goblins
  11 hobgoblins
  2 jackals (D:1)
  4 bats
  A frilled lizard (D:2)
  2 kobolds
  A rat (D:1)
54 creatures vanquished.

Vanquished Creatures (others)
  2 plants (D:1)
2 creatures vanquished.

Grand Total: 56 creatures vanquished

Notes
Turn   | Place    | Note
-------+----------+-------------------------------------------
     0 | D:1      | Nacht the Deep Elf Earth Elementalist began the quest for
                  | the Orb.
     0 | D:1      | Reached XP level 1. HP: 10/10 MP: 6/6
    77 | D:1      | Found Dias's Distillery.
   133 | D:1      | Reached skill level 4 in Earth Magic
   133 | D:1      | Reached XP level 2. HP: 15/15 MP: 2/8
   221 | D:1      | Found a faded altar of an unknown god.
   639 | D:1      | Reached XP level 3. HP: 18/19 MP: 5/9
  1044 | D:2      | Reached skill level 5 in Earth Magic
  1252 | D:2      | Reached XP level 4. HP: 24/24 MP: 5/10
  1524 | D:2      | Noticed Natasha
  1528 | D:2      | Killed Natasha
  1532 | D:2      | Reached skill level 6 in Earth Magic
  1557 | D:2      | Noticed Natasha
  1560 | D:2      | Killed Natasha
  1561 | D:2      | Reached XP level 5. HP: 12/28 MP: 4/11
  1568 | D:2      | Noticed Natasha
  1582 | D:2      | Killed from afar by Natasha

Illustrated notes

Levels and vault maps discovered:
D:1:      amcnicky_arrival_wind_blow, layout_rooms,
          chequers_ecumenical_altar_simple_redux, serial_shops, shop,
          chequers_serial_rivers_small_b, st_stairs_6,
          chequers_serial_rivers_large_b, minmay_fountain_box,
          wad_woods_river_04, minmay_cut_off
D:2:      layout_basic, minmay_misc_feat_tower, minivault_11,
          minmay_misc_feat_diagonals, minmay_pentomino_p4, uniq_natasha

Skill      XL: |  1  2  3  4 |
---------------+-------------+-----
Earth Magic    | 4 5 6 |  6.3
Dodging        | |  2.4
Stealth        | |  2.4
Spellcasting   | |  3.0
Transmutations | |  1.1

Action                     |  1- 3 |  4- 6 || total
---------------------------+-------+-------++-------
  Melee: Dagger            |     1 |       ||     1
   Cast: Sandblast         |    56 |    22 ||    78
 Armour: Robe              |     3 |     1 ||     4
  Dodge: Dodged            |    13 |     3 ||    16

Table legend: (Time is in decaauts)
 A = Elapsed time spent in this place.
 B = Non-inter-level travel time spent in this place.
 C = Inter-level travel time spent in this place.
 D = Time resting spent in this place.
 E = Time spent auto-exploring this place.
 F = Levels seen in this place.
 G = Mean time per level.
                   A        B        C        D        E       F      G
               +--------+--------+--------+--------+--------+-----+--------+
         Total |   1661 |   1638 |     23 |      0 |   1355 |   2 |  830.5 |
       Dungeon |   1661 |   1638 |     23 |      0 |   1355 |   2 |  830.5 |
               +--------+--------+--------+--------+--------+-----+--------+

Top non-repeatable levels by time:
     D:1: 1005 daAuts
     D:2: 655 daAuts
